Map: King Sejong Station LE

Players

Reynor

  • Race: Zerg Zerg
  • League: Master

LiquidSnute (Snute) - Winner!

  • Race: Zerg Zerg

Event: DreamHack ZOWIE Open Valencia 2016

VOD

Have the link to the VOD?

Description

Time

  • Played on: July 16, 2016, 8:12 a.m.
  • Length: 17:05

All games in this series

Show
View Real Time Build Order
Export as new Build Order

Reynor Zerg 

Build Orders: Pool First, Lurkers 

Get SALT Encoding   

  12  0:00  Drone  
  13  0:08  Drone  
  14  0:26  Spawning Pool  
  13  0:29  Drone  
  13  0:34  Extractor  
  13  0:35  Drone  
  15  0:43  Overlord  
  15  1:02  Drone  
  16  1:13  Zergling x4  
  16  1:14  Zergling x2  
  19  1:24  Zergling x2  
  20  1:27  Hatchery  
  19  1:36  Zergling x2  
  19  1:39  Queen  
  22  1:50  Overlord  
  22  1:54  Extractor  
  21  1:58  Drone  
  22  2:09  Drone  
  22  2:14  Queen  
  25  2:18  Drone  
  26  2:28  Drone  
  27  2:39  Drone x2  
  28  2:46  Drone x2  
  28  2:47  Drone  
  31  2:52  Overlord  
  31  2:54  Metabolic Boost  
  31  2:55  Drone  
  32  3:03  Spine Crawler  
  31  3:06  Zergling x2  
  31  3:07  Drone  
  33  3:17  Drone, Baneling Nest  
  33  3:21  Drone  
  33  3:23  Drone  
  33  3:25  Drone  
  36  3:28  Drone  
  36  3:31  Drone  
  38  3:38  Overlord  
  38  3:40  Zergling x2  
  38  3:41  Zergling x2  
  40  3:43  Drone  
  40  3:46  Drone  
  40  3:47  Drone  
  43  3:51  Overlord  
  43  4:04  Zergling x4  
  43  4:05  Zergling x8  
  43  4:07  Baneling x2  
  49  4:11  Drone  
  47  4:24  Zergling x4  
  47  4:25  Zergling x2  
  47  4:26  Drone  
  47  4:31  Overlord  
  49  4:35  Evolution Chamber  
  49  4:36  Drone x2  
  50  4:39  Drone x2  
  50  4:43  Zergling x2  
  53  4:46  Zergling x2  
  53  4:48  Overlord  
  53  4:52  Zergling x2, Hatchery  
  53  5:01  Zergling x2  
  53  5:03  Overlord  
  53  5:18  Drone x6  
  53  5:19  Zerg Ground Armor Level 1  
  56  5:27  Zergling x2  
  53  5:32  Zergling x2  
  53  5:35  Roach Warren, Extractor  
  52  5:43  Zergling x4  
  52  5:48  Zergling x2  
  55  5:50  Zergling x2  
  55  5:52  Drone x2  
  55  5:54  Lair, Extractor  
  55  5:55  Zergling x2  
  58  6:01  Zergling x4  
  60  6:10  Extractor  
  58  6:12  Zergling x4  
  58  6:14  Zergling x4  
  59  6:19  Zergling x6  
  59  6:20  Drone  
  59  6:21  Queen  
  59  6:25  Overlord  
  64  6:26  Overlord  
  63  6:36  Roach  
  63  6:39  Baneling  
  64  6:40  Queen, Baneling  
  64  6:41  Roach  
  64  6:42  Roach x6  
  80  6:50  Drone x3  
  83  6:55  Drone x2  
  86  7:01  Drone  
  86  7:04  Drone x2, Spire  
  87  7:09  Overlord  
  87  7:10  Drone x2  
  87  7:13  Drone  
  87  7:14  Drone  
  87  7:15  Drone  
  88  7:20  Roach x3  
  91  7:25  Drone x2  
  91  7:27  Extractor  
  91  7:29  Roach, Extractor  
  92  7:30  Glial Reconstitution  
  92  7:37  Roach x5  
  98  7:40  Drone  
  103  7:46  Drone x2  
  103  7:51  Overlord  
  105  8:09  Overlord  
  104  8:23  Mutalisk  
  104  8:24  Mutalisk x6  
  116  8:29  Mutalisk  
  116  8:30  Hatchery  
  116  8:32  Drone, Overseer  
  118  8:36  Zergling x8  
  118  8:40  Mutalisk  
  124  8:43  Roach x2  
  124  8:44  Overlord  
  124  8:45  Mutalisk  
  130  8:49  Overlord  
  130  8:51  Overlord  
  130  8:52  Overseer  
  130  8:57  Overlord  
  130  9:01  Overlord  
  130  9:02  Zerg Missile Weapons Level 1  
  130  9:05  Mutalisk  
  130  9:08  Roach x3  
  138  9:12  Overlord  
  138  9:19  Roach x3  
  138  9:22  Mutalisk  
  146  9:25  Mutalisk  
  148  9:37  Roach x4  
  153  9:38  Overlord  
  134  9:50  Roach x3  
  134  9:51  Roach x6  
  148  9:54  Hydralisk Den  
  146  10:09  Hatchery  
  146  10:10  Drone x3  
  146  10:11  Drone x4  
  152  10:17  Overlord  
  152  10:22  Lurker Den  
  150  10:33  Hydralisk x5  
  153  10:42  Hydralisk x2  
  152  10:43  Hydralisk  
  156  10:52  Hydralisk x2  
  158  10:58  Hydralisk  
  158  10:59  Roach x4  
  158  11:00  Roach  
  168  11:10  Hydralisk x2  
  154  11:24  Hatchery  
  149  11:30  Overseer  
  149  11:37  Infestation Pit  
  144  11:48  Lurker  
  144  11:49  Lurker x8  
  144  11:54  Zergling x32  
  157  11:57  Zerg Melee Weapons Level 1  
  169  12:03  Overlord  
  169  12:05  Roach x4  
  169  12:06  Roach x2  
  181  12:14  Overlord  
  179  12:24  Roach x4  
  187  12:40  Overlord  
  187  12:50  Roach  
  186  12:58  Hydralisk  
  186  12:59  Hydralisk x3  
  186  13:00  Roach x2  
  186  13:03  Overlord  
  186  13:05  Hive  
  196  13:08  Hydralisk x2  
  192  13:19  Roach x3  
  193  13:21  Burrow  
  149  13:51  Drone x11  
  149  13:53  Lurker x3  
  149  13:55  Roach x3  
  159  13:59  Roach x2  
  159  14:00  Roach x2  
  158  14:07  Roach x2  
  158  14:08  Roach, Hydralisk x3  
  160  14:10  Roach x2, Hydralisk  
  160  14:11  Hydralisk  
  160  14:15  Roach  
  145  14:17  Hydralisk  
  145  14:22  Greater Spire  
  135  14:27  Lurker x2  
  135  14:29  Lurker  
  135  14:30  Roach  
  140  14:36  Roach x4  
  148  14:40  Extractor  
  148  14:41  Roach x5  
  148  14:42  Lurker  
  148  14:54  Extractor  
  148  14:56  Lurker  
  148  14:57  Hydralisk x3  
  144  15:08  Roach x5, Spore Crawler  
  144  15:09  Roach, Spore Crawler  
  152  15:17  Roach  
  152  15:18  Roach x4  
  150  15:30  Roach x6  
  141  15:40  Hydralisk  
  141  15:41  Hydralisk x3  
  141  15:42  Roach x2  
  101  15:44  Roach x5  
  95  15:51  Corruptor  
  95  15:52  Zergling x4  
  82  16:03  Corruptor x2  
  79  16:06  Zergling x6  
  79  16:25  Lurker x2  
  79  16:27  Lurker  
Show
View Real Time Build Order
Export as new Build Order

LiquidSnute Zerg - Winner!

Build Orders: Hatch First 

Get SALT Encoding   

  12  0:00  Drone  
  13  0:12  Overlord  
  13  0:17  Drone  
  14  0:30  Drone x2  
  14  0:34  Drone  
  17  0:52  Hatchery  
  17  0:54  Drone  
  17  0:57  Drone  
  18  1:10  Spawning Pool  
  17  1:12  Extractor  
  17  1:14  Drone  
  18  1:18  Drone  
  18  1:27  Drone  
  19  1:38  Overlord  
  19  1:49  Drone  
  20  1:57  Queen  
  20  2:00  Drone  
  23  2:03  Queen  
  23  2:05  Drone  
  26  2:11  Drone  
  26  2:12  Metabolic Boost  
  27  2:16  Zergling x2  
  27  2:22  Zergling x2  
  29  2:25  Zergling x2  
  29  2:48  Baneling Nest  
  29  2:50  Drone  
  29  2:51  Drone  
  29  2:55  Drone x3  
  31  2:59  Drone  
  31  3:04  Overlord  
  32  3:09  Drone  
  33  3:15  Zergling x2  
  33  3:19  Drone  
  35  3:26  Drone  
  36  3:29  Drone x2  
  36  3:30  Drone x2  
  36  3:33  Baneling x2  
  40  3:37  Hatchery  
  40  3:41  Drone x2  
  41  3:46  Overlord  
  41  3:48  Drone  
  41  3:51  Drone  
  41  3:53  Evolution Chamber  
  41  3:55  Drone  
  41  3:58  Extractor  
  41  4:01  Queen  
  43  4:05  Drone x2  
  43  4:06  Drone  
  46  4:10  Drone  
  46  4:11  Drone  
  46  4:14  Baneling  
  48  4:19  Zergling x4  
  48  4:20  Zergling x2  
  51  4:29  Zergling x2  
  51  4:31  Overlord  
  51  4:32  Zerg Ground Armor Level 1  
  51  4:41  Overlord  
  51  4:43  Baneling x2  
  51  4:52  Zergling x2, Queen  
  54  4:53  Zergling x10  
  54  4:58  Drone x4  
  63  5:01  Drone  
  63  5:02  Drone x2  
  63  5:05  Drone x2  
  68  5:09  Drone  
  68  5:20  Drone x3  
  66  5:21  Drone  
  66  5:26  Overlord  
  66  5:29  Drone  
  66  5:30  Drone x2, Overlord  
  66  5:32  Overlord  
  66  5:35  Lair  
  69  5:37  Zergling x2, Roach Warren  
  69  5:44  Overlord  
  69  5:45  Drone x3  
  69  5:49  Drone x2  
  73  5:54  Baneling  
  73  5:55  Baneling x2  
  73  6:04  Zergling x10  
  76  6:08  Overlord  
  76  6:11  Zergling x8  
  79  6:19  Zergling x2  
  80  6:26  Overlord x3  
  80  6:28  Zerg Missile Weapons Level 1, Extractor  
  79  6:37  Roach  
  79  6:38  Roach x5  
  79  6:39  Glial Reconstitution  
  90  6:41  Queen x3  
  95  6:47  Infestation Pit  
  95  6:48  Extractor x2  
  95  6:49  Roach x2, Extractor  
  95  6:51  Drone  
  95  6:52  Drone x3  
  98  6:56  Drone  
  98  6:58  Drone  
  100  7:03  Drone  
  100  7:05  Drone x4  
  100  7:06  Drone x2  
  107  7:17  Queen  
  113  7:24  Infestor  
  113  7:25  Infestor  
  117  7:31  Drone x2, Spore Crawler  
  117  7:33  Hatchery  
  117  7:35  Evolution Chamber, Hive  
  114  7:39  Drone  
  114  7:40  Drone x3  
  114  7:42  Zergling x2  
  123  7:46  Roach  
  123  7:47  Roach x5  
  130  7:51  Overlord  
  130  7:53  Overlord  
  130  7:56  Roach  
  132  8:02  Roach  
  132  8:03  Roach x2  
  137  8:12  Overlord x2  
  137  8:13  Roach x6  
  137  8:18  Roach x2  
  149  8:30  Zerg Ground Armor Level 2  
  149  8:32  Zerg Melee Weapons Level 1  
  149  8:33  Zergling x18  
  157  8:36  Ravager x2  
  157  8:40  Spore Crawler x2  
  157  8:42  Spore Crawler x2  
  157  8:44  Spore Crawler, Queen x2  
  157  8:47  Queen  
  160  8:53  Drone x2  
  160  8:54  Spore Crawler  
  160  8:55  Spore Crawler  
  160  8:57  Drone  
  160  8:58  Drone x3  
  160  9:01  Overlord x2  
  160  9:02  Overlord x2  
  164  9:05  Roach x4  
  164  9:06  Roach  
  174  9:16  Overlord  
  174  9:21  Roach  
  174  9:22  Roach x7  
  175  9:42  Roach x7  
  184  9:46  Hydralisk Den  
  178  10:02  Ultralisk Cavern  
  177  10:17  Roach x2, Spore Crawler  
  177  10:18  Roach x9  
  198  10:28  Zerg Melee Weapons Level 2  
  197  10:48  Hydralisk x4  
  199  10:51  Chitinous Plating  
  199  10:52  Zerg Ground Armor Level 3  
  199  11:03  Hydralisk x4  
  199  11:08  Spine Crawler x2  
  196  11:20  Roach x2  
  198  11:36  Muscular Augments  
  198  11:38  Hydralisk  
  198  11:51  Pneumatized Carapace, Overseer  
  198  11:52  Overseer  
  198  11:54  Adrenal Glands  
  198  12:00  Extractor x2  
  196  12:13  Hatchery  
  191  13:12  Hatchery  
  188  13:23  Hatchery  
  185  13:39  Hydralisk x8  
  189  13:49  Ultralisk  
  189  14:08  Ultralisk  
  189  14:09  Ultralisk x3  
  161  14:19  Ultralisk  
  161  14:20  Ultralisk x5  
  173  14:29  Queen  
  173  14:30  Queen  
  167  14:34  Ultralisk  
  167  14:36  Roach x5  
  167  14:38  Zergling x12  
  189  14:50  Ultralisk  
  195  14:57  Spine Crawler, Extractor  
  195  14:58  Extractor  
  198  15:07  Ultralisk  
  192  15:34  Ultralisk  
  198  15:36  Zergling x4  
  198  15:38  Overlord  
  198  15:40  Overseer x3  
  186  15:58  Spire  
  185  16:11  Ultralisk x2  
  197  16:27  Zergling x2  
  197  16:28  Zergling x4  
  199  16:41  Overlord  
  199  16:45  Overseer x4  

Tags
 
Add a new tag
Caveats
  • Supply blocks, unpowered buildings, or Contaminate may cause inaccurate times.
  • Supply counts are checked every 10 seconds.